 Dungeon Crawl Stone Soup version 0.30-a0-920-g7493c07aab (webtiles) character file.

Game seed: 7594557801981823669

89 Zenkrye the Poker (level 4, 0/35 HPs)
             Began as a Human Cinder Acolyte on Mar 21, 2023.
             Was a High Priest of Ignis.
             Killed from afar by an orc wizard (4 damage)
             ... with a puff of flame
             ... on level 3 of the Dungeon.
             The game lasted 00:04:32 (2354 turns).

Zenkrye the Poker (Human Cinder Acolyte)            Turns: 2354, Time: 00:04:33

Health: 0/35       AC:  2    Str: 16    XL:     4   Next: 84%
Magic:  2/5        EV: 11    Int: 15    God:    Ignis [*****.]
Gold:   211        SH:  0    Dex:  8    Spells: 3/5 levels left

rFire   + . .      SeeInvis .    a - -1 spear (flame)
rCold   . . .      Faith    .    (no shield)
rNeg    . . .      Spirit   .    b - +0 robe
rPois   .          Reflect  .    (no helmet)
rElec   .          Rampage  .    (no cloak)
rCorr   .                        (no gloves)
Will    .....                    (no boots)
Stlth   +                        (no amulet)
HPRegen 0.25/turn                (no ring)
MPRegen 0.09/turn                (no ring)

@: no status effects
A: no striking features
a: Renounce Religion, Fiery Armour, Foxfire Swarm, Rising Flame


You were on level 3 of the Dungeon.
You worshipped Ignis.
Ignis was extremely pleased with you.
You visited 1 branch of the dungeon, and saw 3 of its levels.

You collected 211 gold pieces.

Inventory:

Hand Weapons
 a - a -1 spear of flaming (weapon)
Missiles
 k - 5 poisoned darts (quivered)
Armour
 b - a +0 robe (worn)
 d - a +0 ring mail
Scrolls
 c - a scroll of magic mapping
 i - a scroll of identify {@r1}
 j - a scroll of brand weapon {unknown}
 l - a scroll of amnesia {unknown}
Potions
 e - a potion of heal wounds {@q2}
 g - a potion of berserk rage
 h - 2 potions of mutation


   Skills:
 - Level 3.0 Fighting
 + Level 5.2 Polearms
 - Level 1.0 Spellcasting
 - Level 3.0 Fire Magic


You had 3 spell levels left.
You knew the following spells:

 Your Spells              Type           Power      Damage    Failure   Level
a - Scorch                Fire           18%        2d5       11%         2

Your spell library contained the following spells:

 Spells                   Type           Power      Damage    Failure   Level
 Static Discharge         Conj/Air       0%         2-2/arc   36%         2
 Vhi's Electric Charge    Tloc/Air       0%         N/A       58%         3
 Plasma Beam              Fire/Air       2%         2x1d14    98%         5
 Arcjolt                  Conj/Air       0%         1d10      100%        5


Dungeon Overview and Level Annotations

Branches:
Dungeon (3/15)

Altars:
Dithmenos

Shops:
D:1 (*?(?

Annotations:
D:2 1 runed translucent door, Crazy Yiuf


Message History

The orc wizard gestures at you while chanting.
The puff of flame hits you. You resist. The orc hits you with a +0 hand axe.
You closely miss the orc wizard.
The orc wizard is heavily wounded.
An orc comes into view. It is wielding a +0 short sword.
The orc wizard points at you and mumbles some strange words.
The magic dart hits you!
You closely miss the orc wizard.
The orc wizard is heavily wounded.
The orc wizard barely misses you. The orc hits you but does no damage.
You hit the orc wizard but do no damage.
The orc wizard is heavily wounded.
You closely miss the orc wizard.
The orc wizard is heavily wounded.
The orc wizard hits you with a +0 dagger.
The orc misses you. The orc completely misses you.
You hit the orc wizard but do no damage.
The orc wizard is heavily wounded.
The orc wizard casts a spell.
The orc wizard flickers and vanishes!
Deactivating autopickup; reactivate with Ctrl-A.
The orc hits you with a +0 dagger. The orc closely misses you.
You hear a shout!
You hit something but do no damage.
You hear some strange, mumbled words.
A magic dart appears from out of thin air!
The magic dart hits you.
* * * LOW HITPOINT WARNING * * *
An orc wizard comes into view. It is wielding a +0 dagger.
The orc hits you but does no damage. The orc closely misses you.
You hear some strange, mumbled words.
Something tries to affect you, but you resist.
The orc hits you with a +0 hand axe.
* * * LOW HITPOINT WARNING * * *
The air fills with toxic fumes!
As you read the scroll labelled FOAC FOYFUDO, it crumbles to dust.
It was a scroll of poison.
The orc wizard gestures at you while chanting.
The puff of flame hits you. You resist.
You die...

.#.######...#
#.# #.....
.#.# #...#
#§# #.....
.#.#
#§..#.####§#
#..... .#.#
#§§.#!...§§##
#..... .#.#
#§§§.....§§§#
#..... .#.#
#.#§§.###§§§#
#..... ....
#§###§###§§§#
#..... ....
.§§§§§§§§o§§#
######
§§§§§o§@.oo#
####§#####§#
. ...# ##.##
#o# #o# (.#
###


You could see an orc wizard and 3 orcs.

Vanquished Creatures
  3 adders
  A dart slug (D:2)
  3 endoplasms
  6 giant cockroaches
  4 goblins
  9 hobgoblins
  4 jackals (D:1)
  6 ball pythons
  4 bats
  4 frilled lizards
  6 kobolds
  6 rats
56 creatures vanquished.

Notes
Turn   | Place    | Note
-------+----------+-------------------------------------------
     0 | D:1      | Zenkrye the Human Cinder Acolyte began the quest for the
                  | Orb.
     0 | D:1      | Reached XP level 1. HP: 18/18 MP: 2/2
    82 | D:1      | Found Gianki Tism's Weapon Shoppe.
   109 | D:1      | Found Jiosoj's Assorted Antiques.
   140 | D:1      | Reached XP level 2. HP: 22/24 MP: 3/3
   143 | D:1      | Learned a level 2 spell: Scorch
   311 | D:1      | Found Foloogg's Magic Scroll Shoppe.
   335 | D:1      | Reached skill level 4 in Polearms
   335 | D:1      | Reached XP level 3. HP: 23/29 MP: 4/4
   390 | D:1      | Found Bois's Antique Weapon Shoppe.
   529 | D:1      | Found Sumunev's Magic Scroll Shoppe.
  1106 | D:2      | Reached XP level 4. HP: 34/35 MP: 5/5
  1334 | D:2      | Found a shadowy altar of Dithmenos.
  1402 | D:2      | Found a runed translucent door.
  1403 | D:2      | Noticed Crazy Yiuf
  1956 | D:3      | Reached skill level 5 in Polearms
  2354 | D:3      | Killed from afar by an orc wizard

Illustrated notes

Levels and vault maps discovered:
D:1:      dpeg_arrival_concentric_ovals, layout_loops_ring, serial_shops,
          nicolae_diamond_shop, shop_scrolls, shop_coins,
          nicolae_shop_overgrown_old_shop, nicolae_shop_crystal
D:2:      layout_loops_ring, basic_altar, minmay_pentomino_u4,
          uniq_crazy_yiuf_cottage
D:3:      layout_basic

Skill      XL: |  1  2  3  4 |
---------------+-------------+-----
Polearms       | 4 5 |  5.2
Fighting       | |  3.0
Spellcasting   | |  1.0
Fire Magic     | |  3.0

Action                     |  1- 3 |  4- 6 || total
---------------------------+-------+-------++-------
  Melee: Spear             |   143 |    87 ||   230
         Punch             |     2 |       ||     2
  Throw: Dart              |       |     1 ||     1
   Cast: Scorch            |     1 |     5 ||     6
    Use: Scroll            |     3 |     6 ||     9
         Potion            |     1 |       ||     1
   Stab: Sleeping          |       |     2 ||     2
 Armour: Robe              |    20 |    13 ||    33
  Dodge: Dodged            |    65 |    42 ||   107

Table legend: (Time is in decaauts)
 A = Elapsed time spent in this place.
 B = Non-inter-level travel time spent in this place.
 C = Inter-level travel time spent in this place.
 D = Time resting spent in this place.
 E = Time spent auto-exploring this place.
 F = Levels seen in this place.
 G = Mean time per level.
                   A        B        C        D        E       F      G
               +--------+--------+--------+--------+--------+-----+--------+
         Total |   2326 |   2281 |     45 |    212 |   1675 |   3 |  775.3 |
       Dungeon |   2326 |   2281 |     45 |    212 |   1675 |   3 |  775.3 |
               +--------+--------+--------+--------+--------+-----+--------+

Top non-repeatable levels by time:
     D:2: 970 daAuts
     D:1: 793 daAuts
     D:3: 563 daAuts
